 Dungeon Crawl Stone Soup version 0.30-a0-359-gd0147acb1a (webtiles) character file.

Game seed: 16594903047084296847

1618 qeuew the Trooper (level 8, -2/73 HPs)
             Began as a Hill Orc Hunter on Nov 11, 2022.
             Was a Believer of Ashenzari.
             Slain by a killer bee (7 damage)
             ... on level 7 of the Dungeon.
             The game lasted 00:08:34 (6676 turns).

qeuew the Trooper (Hill Orc Hunter)                 Turns: 6676, Time: 00:08:34

Health: -2/73      AC:  6    Str: 17    XL:     8   Next: 96%
Magic:  8/8        EV: 13    Int: 12    God:    Ashenzari [**....]
Gold:   247        SH:  5    Dex: 14    Spells: 7/7 levels left

rFire   + . .      SeeInvis +    i - +0 war axe
rCold   . . .      Faith    .    (no shield)
rNeg    . . .      Spirit   .    c - +0 leather armour "Regret of Ashenzari" {Bglg, Self} (curse)
rPois   .          Reflect  +    l - +2 hat of the Eye in the Sky {Alch, Elem} (curse)
rElec   .          Harm     .    (no cloak)
rCorr   .          Rampage  .    b - +0 pair of gloves of Ashenzari's the Ego {Bglg, Evo} (curse)
Will    +....      Clarity  +    (no boots)
Stlth   +.........               f - amulet of reflection
HPRegen 0.32/turn                e - ring of willpower
MPRegen 0.11/turn                r - ring of protection from fire

@: lethally poisoned (-2 -> -5)
A: clarity, clever 1, screaming 1, strong 1
a: Renounce Religion, Shatter the Chains


You were on level 7 of the Dungeon.
You worshipped Ashenzari.
Ashenzari was pleased with you.
You visited 1 branch of the dungeon, and saw 7 of its levels.
You also visited: Bailey.

You collected 247 gold pieces.

Inventory:

Hand Weapons
 a - a +0 shortbow
 i - a +0 war axe (weapon)
Armour
 b - the cursed +0 pair of gloves of Ashenzari's the Ego (worn) {Bglg, Evo}
   (You found it on level 4 of the Dungeon)

   It has a curse which improves the following skills: Beguiling: Conjurations,
   Hexes and Translocations.
   Evocations: Evocations.
 c - the cursed +0 leather armour "Regret of Ashenzari" (worn) {Bglg, Self}

   It has a curse which improves the following skills: Beguiling: Conjurations,
   Hexes and Translocations.
   Introspection: Fighting and Spellcasting.
 l - the cursed +2 hat of the Eye in the Sky (worn) {Alch, Elem}
   (You found it on level 4 of the Dungeon)

   It has a curse which improves the following skills: Alchemy: Poison Magic and
   Transmutations.
   Elements:  Fire Magic, Ice Magic, Air Magic and Earth Magic.
Jewellery
 e - a ring of willpower (left hand)
 f - an amulet of reflection (around neck)
 r - a ring of protection from fire (right hand)
Wands
 m - a wand of flame (21)
 q - a wand of iceblast (11)
Scrolls
 d - a scroll of amnesia
 g - 2 scrolls of silence
 h - 2 scrolls of enchant weapon
 j - 3 scrolls of teleportation
 n - 2 scrolls of fog
 o - a scroll of magic mapping
 p - a scroll of enchant armour
Potions
 k - a potion of resistance


   Skills:
 + Level 6.3(7.6) Fighting
 + Level 6.0 Axes
 + Level 5.7 Ranged Weapons
 + Level 5.1 Armour
 + Level 4.3 Dodging
 - Level 0.7 Stealth


You had 7 spell levels left.
You didn't know any spells.
Your spell library contained the following spells:

 Spells                   Type           Power      Damage    Failure   Level
 Foxfire                  Conj/Fire      0%         2x1d4     36%         1
 Freeze                   Ice            0%         1d3       36%         1
 Kiss of Death            Conj/Necr      0%         2d5       36%         1
 Shock                    Conj/Air       0%         1d3       36%         1
 Confusing Touch          Hex            0%         N/A       71%         3
 Dazzling Flash           Conj/Hex       0%         N/A       71%         3
 Frozen Ramparts          Ice            0%         1d1       73%         3
 Hailstorm                Conj/Ice       0%         3d3       73%         3
 Swiftness                Air            0%         N/A       73%         3
 Airstrike                Air            0%         2d(0-16)  98%         4
 Dispel Undead            Necr           0%         3d6       98%         4
 Iskenderun's Mystic Bla  Conj/Tloc      0%         2d3       98%         4
 Fireball                 Conj/Fire      0%         3d3       100%        5
 Starburst                Conj/Fire      0%         6d3       100%        6


Dungeon Overview and Level Annotations

Branches:
Dungeon (7/15)             Temple (0/1) D:7          Bailey (visited)

Altars:
Ashenzari
Qazlal
Zin

Portals:
Abyss: D:4

Annotations:
D:4 2 transporters, quakins's ghost, novice DEHs


Innate Abilities, Weirdness & Mutations

You possess an exceptional clarity of mind.
Your mind is acute. (Int +4, Str/Dex -1)
You occasionally shout uncontrollably at your foes.
Your muscles are strong. (Str +4, Int/Dex -1)


Message History

You feel very sick. The killer bee barely misses you.
The killer bee misses you.
You hit the killer bee.
The killer bee is heavily wounded.
You feel sick.
The killer bee stings you but does no damage.
The killer bee barely misses you.
The howler monkey hoots and howls with incredible vigour!
The killer bee closely misses you.
You closely miss the killer bee.
The killer bee is heavily wounded.
You feel sick. The killer bee misses you. The killer bee stings you.
* * * LOW HITPOINT WARNING * * *
You barely miss the killer bee.
The killer bee is heavily wounded.
You feel sick.
The killer bee stings you but does no damage.
The killer bee stings you.
* * * LOW HITPOINT WARNING * * *
You are more poisoned.
The killer bee poisons you! The killer bee stings you.
* * * LOW HITPOINT WARNING * * *
You miss the killer bee.
The killer bee is heavily wounded.
You feel very sick. The killer bee stings you.
* * * LOW HITPOINT WARNING * * *
You block the killer bee's attack.
You hit the killer bee.
The killer bee is heavily wounded.
* * * LOW HITPOINT WARNING * * *
You feel very sick. The killer bee closely misses you.
The killer bee barely misses you.
The howler monkey hoots and howls with incredible vigour!
You slash the killer bee!
You kill the killer bee!
You feel sick. The killer bee barely misses you.
You block the killer bee's attack.
You miss the killer bee.
You feel sick. The killer bee stings you!
You die...

... , , , , #.., ,
,,, #.. * ** #.#**
, ** * ##.# *, ####
#.h# *#########...
#yy# #...........
##y##
###......##...
##@###........####.
##...........# ##
##..........# ##.
#.........####..
##...#....###...
#...######.....
#..............
#.............#
#..########...#


You could see a howler monkey (catching breath) and 3 killer bees.

Vanquished Creatures
  Sigmund (D:4)
  A water moccasin (D:5)
  4 ogres
  A centaur (D:6)
  3 scorpions
  A necrophage (D:7)
  A bullfrog (D:7)
  A killer bee (D:7)
  2 orc priests
  A jelly (D:4)
  Crazy Yiuf (D:2)
  3 hounds
  3 iguanas
  4 orc wizards (D:4)
  6 gnolls
  An adder (D:4)
  A shadow imp (D:6)
  2 worms
  A dart slug (D:4)
  26 orcs
  9 ball pythons
  3 endoplasms
  3 giant cockroaches
  7 goblins
  9 hobgoblins
  4 jackals (D:1)
  6 kobolds
  5 quokkas
  7 bats
  7 rats
124 creatures vanquished.

Notes
Turn   | Place    | Note
-------+----------+-------------------------------------------
     0 | D:1      | qeuew the Hill Orc Hunter began the quest for the Orb.
     0 | D:1      | Reached XP level 1. HP: 18/18 MP: 1/1
    48 | D:1      | Reached XP level 2. HP: 11/25 MP: 2/2
   171 | D:1      | Found a faded altar of an unknown god.
   286 | D:1      | Reached skill level 1 in Armour
   335 | D:1      | Gained mutation: Your flesh is cold resistant. (rC+)
                  | [potion of mutation]
   335 | D:1      | Gained mutation: Your spells are a little harder to cast,
                  | but a little more powerful. [potion of mutation]
   500 | D:1      | Reached XP level 3. HP: 30/30 MP: 3/3
  1155 | D:2      | Found a runed translucent door.
  1156 | D:2      | Noticed Crazy Yiuf
  1600 | D:2      | Noticed an ogre
  1607 | D:2      | Killed an ogre
  1608 | D:2      | Reached skill level 1 in Axes
  1608 | D:2      | Reached XP level 4. HP: 24/39 MP: 4/4
  1608 | D:2      | Reached XP level 5. HP: 28/45 MP: 5/5
  1865 | D:2      | HP: 1/45 [Crazy Yiuf/+2 quarterstaff of chaos (3)]
  1866 | D:2      | Killed Crazy Yiuf
  2667 | D:4      | Reached XP level 6. HP: 48/52 MP: 6/6
  2952 | D:4      | Noticed Sigmund
  2966 | D:4      | Killed Sigmund
  2967 | D:4      | Reached XP level 7. HP: 52/60 MP: 7/7
  2999 | D:4      | Found a transporter.
  3002 | D:4      | Found a transporter.
  3006 | D:4      | Noticed quakins's ghost (novice DEHs)
  3008 | D:4      | Found a one-way gate to the infinite horrors of the Abyss.
  3250 | D:4      | Found a broken altar of Ashenzari.
  3291 | D:4      | Became a worshipper of Ashenzari the Shackled
  3452 | D:4      | Lost mutation: Your spells are a little harder to cast, but
                  | a little more powerful. [potion of mutation]
  3452 | D:4      | Lost mutation: Your flesh is cold resistant. (rC+) [potion
                  | of mutation]
  3452 | D:4      | Gained mutation: You occasionally shout uncontrollably at
                  | your foes. [potion of mutation]
  3452 | D:4      | Gained mutation: You possess an exceptional clarity of
                  | mind. [potion of mutation]
  3452 | D:4      | Gained mutation: Your mind is acute. (Int +4, Str/Dex -1)
                  | [potion of mutation]
  3452 | D:4      | Gained mutation: Your muscles are strong. (Str +4, Int/Dex
                  | -1) [potion of mutation]
  3465 | D:5      | Entered Level 5 of the Dungeon
  3483 | D:5      | Reached skill level 5 in Fighting
  3483 | D:5      | Reached skill level 5 in Ranged Weapons
  3674 | D:5      | Reached XP level 8. HP: 61/68 MP: 8/8
  3982 | D:5      | Reached skill level 5 in Axes
  4471 | D:6      | Reached * piety under Ashenzari
  5794 | D:7      | Reached ** piety under Ashenzari
  5873 | D:7      | Found a flagged portal.
  5891 | Bailey   | Entered a bailey
  6113 | D:7      | Found a glowing silver altar of Zin.
  6151 | D:7      | Found a stormy altar of Qazlal.
  6201 | D:7      | Reached skill level 5 in Armour
  6207 | D:7      | HP: 1/73 [orc priest/divine providence (14)]
  6481 | D:7      | Found a staircase to the Ecumenical Temple.
  6676 | D:7      | Slain by a killer bee

Illustrated notes

Levels and vault maps discovered:
D:1:      dpeg_arrival_subterranean_lakeside_camping, layout_basic,
          dreamdust_ecumenical_altar_angels_and_demons
D:2:      layout_loops_ring, minmay_tripent, uniq_crazy_yiuf_cottage
D:3:      layout_basic
D:4:      layout_rooms, lemuel_round_altar, gammafunk_ghost_abyssal_escape,
          chequers_hall_statues_corner_a, uniq_sigmund
D:5:      layout_cave_pools
D:6:      layout_layer_cave, st_stairs_13
D:7:      nicolae_cairo_tiling_large, layout_layer_cave,
          mainiacjoe_overflow_small_starburst,
          mainiacjoe_overflow_six_doors_small,
          gammafunk_temple_overflow_forgotten, minmay_temple_entry_glassed_door,
          enter_bailey_4

Skill      XL: |  1  2  3  4  5  6  7  8 |
---------------+-------------------------+-----
Armour         | 1 2 3 4 5 |  5.1
Dodging        | 2 3 4 |  4.3
Fighting       | 3 4 5 6 |  6.3
Axes           | 1 2 3 4 6 |  6.0
Ranged Weapons | 4 5 |  5.7
Stealth        | |  0.7

Action                   |  1- 3 |  4- 6 |  7- 9 || total
-------------------------+-------+-------+-------++-------
Melee: War axe           |       |    12 |    54 ||    66
       Punch             |       |       |     2 ||     2
 Fire: Shortbow          |   118 |   105 |   235 ||   458
Invok: Curse Item        |       |       |     3 ||     3
  Use: Potion            |     2 |       |     3 ||     5
       Scroll            |     2 |     5 |     4 ||    11
Armor: Leather armour    |    21 |    15 |    67 ||   103
Dodge: Dodged            |    51 |    23 |   168 ||   242
Block: Other             |    13 |    12 |    54 ||    79
       Reflection        |       |     1 |     1 ||     2

Table legend: (Time is in decaauts)
 A = Elapsed time spent in this place.
 B = Non-inter-level travel time spent in this place.
 C = Inter-level travel time spent in this place.
 D = Time resting spent in this place.
 E = Time spent auto-exploring this place.
 F = Levels seen in this place.
 G = Mean time per level.
                   A        B        C        D        E       F      G
               +--------+--------+--------+--------+--------+-----+--------+
         Total |   6823 |   6577 |    246 |    100 |   5449 |   8 |  852.9 |
       Dungeon |   6808 |   6562 |    246 |    100 |   5449 |   7 |  972.6 |
        Bailey |     15 |     15 |      0 |      0 |      0 |   1 |   15.0 |
               +--------+--------+--------+--------+--------+-----+--------+

Top non-repeatable levels by time:
     D:6: 1638 daAuts
     D:1: 1042 daAuts
     D:7: 932 daAuts
     D:2: 932 daAuts
     D:4: 865 daAuts
     D:3: 714 daAuts
     D:5: 682 daAuts
  Bailey: 15 daAuts
